AoeStats
← CremAster

Marketplace

505074186Analyzed
1v1 RM · 25d ago on Sep 7, 2026· 44m 56s· 2 players
Game mode
Random Map
Map size
Tiny (2 player)
Population
200
Speed
Normal
Resources
Standard
Victory
Conquest
Starting age
Dark Age
Ending age
Imperial Age
RankedLock teamsTeams togetherTeam positionsShared explorationLock speedFull tech treeHidden civsTurbo modeCheats
Victory
Defeat
🇺🇸 Bengalis · United States
1125
+15
🇨🇭 Khitans · Switzerland
1097
-15
Mini Vici
7:37 Loom
10:05 Feudal Age
16:53 Castle Age
15:23 Double-Bit Axe
16:02 Domestication
17:51 Bow Saw
19:08 Pastoralism
22:36 Husbandry
25:16 Wheelbarrow
25:52 Caravan
26:45 Hand Cart
26:41 Gold Mining
26:41 Stone Mining
28:17 Forging
28:13 Scale Barding Armor
29:53 Iron Casting
30:12 Chain Barding Armor
31:27 Devotion
30:52 Light Cavalry
32:51 Town Watch
35:41 Imperial Age
33:27 Masonry
33:28 Fortified Wall
35:02 Scale Mail Armor
35:03 Padded Archer Armor
35:46 Treadmill Crane
38:21 Elite Steppe Lancer
39:49 Plate Barding Armor
42:01 Heavy Rocket Cart
CremAster
8:58 Loom
10:43 Feudal Age
9:03 Loom
11:51 Double-Bit Axe
11:53 Horse Collar
17:12 Castle Age
18:02 Bow Saw
17:53 Heavy Plow
21:10 Wheelbarrow
20:48 Gold Mining
21:41 Wheelbarrow
24:41 Town Watch
25:11 Hand Cart
26:03 Caravan
26:54 Town Patrol
28:40 Stone Mining
31:43 Imperial Age
29:16 Fletching
29:27 Padded Archer Armor
32:21 Elite Elephant Archer
33:00 Bodkin Arrow
33:20 Leather Archer Armor
34:46 Crop Rotation
36:38 Bracer
37:14 Ballistics
40:37 Murder Holes
42:17 Conscription
43:56 Ring Archer Armor
46:07 Gold Shaft Mining
Connection lost

Rejoining the realm…

Still unreachable

The connection could not be restored.

Session expired

The server has moved on; the page needs a fresh start.